 Dungeon Crawl Stone Soup version 0.19.0-19-g8c6edcc (console) character file.

23555 Morrissey the Warrior (level 13, -2/152 HPs)
             Began as an Ogre Fighter on Nov 15, 2016.
             Was a High Priest of Okawaru.
             Slain by a meliai
             ... wielding a +0 hand axe
              (4 damage)
             ... on level 13 of the Dungeon.
             The game lasted 00:39:01 (14380 turns).

Morrissey the Warrior (Ogre Fighter)               Turns: 14380, Time: 00:39:02

Health: -2/152     AC:  8    Str: 28    XL:     13   Next: 7%
Magic:  17/17      EV: 16    Int:  7    God:    Okawaru [*****.]
Gold:   1554       SH: 11    Dex:  9    Spells: 0 memorised, 12 levels left

rFire  . . .     SeeInvis +     a - +0 flail
rCold  . . .     Gourm    .     F - +3 troll leather armour
rNeg   . . .     Faith    .     c - +0 shield
rPois  .         Spirit   .     (helmet restricted)
rElec  .         Reflect  .     (no cloak)
rCorr  .         Harm     .     (gloves unavailable)
MR     +....                    (boots unavailable)
Stlth  +.........               o - amulet of rage
                                H - +6 ring of evasion
                                u - ring of see invisible

@: about to teleport
A: unfitting armour, tough skin 1
a: Heroism, Finesse, Renounce Religion, Evoke Berserk Rage


You were on level 13 of the Dungeon.
You worshipped Okawaru.
Okawaru was extremely pleased with you.
You were not hungry.

You visited 2 branches of the dungeon, and saw 14 of its levels.
You also visited: Bailey.

You collected 1554 gold pieces.

Inventory:

Hand Weapons
 a - a +0 flail (weapon)
Missiles
 A - 7 curare-tipped needles
 O - 6 large rocks (quivered)
Armour
 c - a +0 shield (worn)
 F - a +3 troll leather armour (worn)
 M - a +2 robe of magic resistance
 T - +0 mottled dragon scales
Jewellery
 o - an amulet of rage (around neck)
 u - a ring of see invisible (left hand)
 B - an uncursed ring of magical power
 H - a +6 ring of evasion (right hand)
 I - a +2 ring of protection
Wands
 d - a wand of random effects (16/48)
 r - a wand of acid (7/15)
 y - a wand of disintegration (10/24)
 E - a wand of random effects (28/48)
Scrolls
 e - 2 scrolls of magic mapping {unknown}
 g - 2 scrolls of fear
 h - 2 scrolls of amnesia
 j - 3 scrolls of blinking {unknown}
 m - 7 scrolls of remove curse
 s - a scroll of immolation {unknown}
 v - 7 scrolls of teleportation
 z - a scroll of noise {unknown}
 R - a scroll of vulnerability {unknown}
 S - a scroll of fog {unknown}
Potions
 i - 3 potions of brilliance
 k - a potion of magic
 w - a potion of invisibility
 x - 2 potions of ambrosia
 D - a potion of cancellation
 G - a potion of beneficial mutation {unknown}
 J - a potion of agility
 K - 4 potions of flight
 L - a potion of haste {unknown}
 Q - a potion of berserk rage {unknown}
Books
 b - a book of Debilitation

   Spells                             Type                      Level
   a - Corona                         Hexes                        1
   b - Slow                           Hexes                        2
   c - Gell's Gravitas                Hexes/Translocation          3
   d - Inner Flame                    Hexes/Fire                   3
   e - Cause Fear                     Hexes                        4
   f - Leda's Liquefaction            Hexes/Earth                  4
 p - a book of Changes

   Spells                             Type                      Level
   a - Beastly Appendage              Transmutation                1
   b - Sticks to Snakes               Transmutation                2
   c - Spider Form                    Transmutation/Poison         3
   d - Ice Form                       Ice/Transmutation            4
   e - Blade Hands                    Transmutation                5
Miscellaneous
 N - a disc of storms
Comestibles
 f - 8 bread rations
 l - 31 fruits
 n - 2 meat rations
 t - 4 beef jerkies
 C - 9 slices of pizza


   Skills:
 * Level 15.7 Fighting
 * Level 15.1 Maces & Flails
 + Level 7.8 Throwing
 - Level 2.6 Dodging
 + Level 8.3 Shields
 + Level 6.5 Invocations


You had 12 spell levels left.
You didn't know any spells.

Dungeon Overview and Level Annotations

Branches:
Dungeon (13/15)            Temple (1/1) D:6            Lair (0/6) D:11
    Orc (0/2) D:11
 Vaults: D:13-14

Altars:
Ashenzari
Cheibriados
Dithmenos
Elyvilon
Fedhas
Gozag
Hepliaklqana
Kikubaaqudgha
Makhleb
Nemelex Xobeh
Okawaru
Qazlal
Ru
Sif Muna
Trog
Uskayaw
Vehumet
Xom
Yredelemnul
Zin
The Shining One
Lugonu

Shops:
D:6 *

Annotations:
D:5 exclusion: downstairs


Innate Abilities, Weirdness & Mutations

You are too large for most types of armour.
You have tough skin. (AC +1)


Message History

* * * LOW HITPOINT WARNING * * *
The meliai misses you.
The gargoyle hits you but does no damage.
You feel better.
You block the meliai's attack. x2; The meliai hits you with a hand axe.
* * * LOW HITPOINT WARNING * * *
You block the meliai's attack.
The gargoyle hurls a stone arrow at you.
The stone arrow hits you!
* * * LOW HITPOINT WARNING * * *
The gargoyle hurls a stone arrow at you.
The stone arrow hits you!
* * * LOW HITPOINT WARNING * * *
You see here a vampire mosquito corpse.
You closely miss the meliai. The meliai hits you with a hand axe!
* * * LOW HITPOINT WARNING * * *
The meliai closely misses you.
Okay, then.
As you read the scroll of teleportation, it crumbles to dust.
You feel strangely unstable. The meliai misses you. The meliai stings you.
You die...

# #....%.# ..
#.####.## ##..
##.####..## .
..........# #
######....#.#
#}..........##
#......##....#
#......##.9..##
#.............#
..#....#....#y#.#
............#@##.#
....##...W..#.# .#
. #......#.# #.
.......)#.# .#
#....######.# ..
...... ..# ##
...... .$# ......
..#


You could see a gargoyle and a meliai.

Vanquished Creatures
  Erolcha (D:10)
  6 hill giants
  An orc knight (Bailey)
  Pikel (D:7)
  An orc sorcerer (D:11)
  2 ugly things
  A cyclops (D:12)
  A manticore (D:11)
  A gargoyle (D:10)
  3 kobold demonologists (D:12)
  A komodo dragon (D:11)
  A freezing wraith (D:13)
  2 trolls
  The ghost of Schimscham the Magician, a novice DEEE of Vehumet (D:6)
  7 two-headed ogres (D:10)
  Prince Ribbit (D:7)
  Grinder (D:4)
  3 hippogriffs
  Sigmund (D:2)
  4 wraiths
  A redback (D:13)
  A wyvern (D:10)
  6 yaks (D:12)
  4 hogs (D:7)
  A hungry ghost (D:7)
  A human (D:7)
  Grum (D:8)
  5 vampire mosquitoes
  A mottled dragon (D:13)
  2 water moccasins
  4 ice beasts
  7 orc warriors
  A slave (D:7)
  3 black bears
  An eye of draining (D:11)
  4 sky beasts
  18 ogres
  5 phantoms
  2 necrophages (D:9)
  4 wolves (D:8)
  5 centaurs
  7 big kobolds
  An elf zombie (D:11)
  Blork the orc (D:4)
  7 bullfrogs
  A water moccasin zombie (D:5)
  A water moccasin skeleton (D:6)
  A wyvern skeleton (D:12)
  A scorpion (D:10)
  A troll zombie (D:11)
  A wight (D:11)
  2 electric eels (D:10)
  4 howler monkeys
  5 crimson imps
  4 centaur zombies
  3 human zombies (D:11)
  A quasit (D:9)
  2 gnoll shamans
  A bullfrog zombie (D:11)
  2 bullfrog skeletons (D:4)
  A centaur skeleton (D:6)
  10 hounds
  2 jellies
  6 orc priests
  4 iguanas
  A human skeleton (D:11)
  Natasha (thrice) (D:2 D:3)
  Ijyb (D:2)
  9 orc wizards
  3 worker ants
  A killer bee zombie (D:6)
  7 ogre zombies (D:11)
  A hound zombie (D:6)
  2 hound skeletons
  2 mummies (D:11)
  A worker ant zombie (D:6)
  15 gnolls
  9 adders
  2 shadow imps
  An ooze (D:4)
  2 adder zombies (D:7)
  3 dart slugs
  2 leopard geckos
  33 orcs
  7 giant cockroaches
  14 goblins
  16 hobgoblins
  7 jackals
  2 quokkas
  2 ball pythons
  8 bats
  A frilled lizard (D:4)
  A goblin skeleton (D:11)
  3 goblin zombies (D:11)
  A hobgoblin skeleton (D:11)
  2 hobgoblin zombies (D:11)
  A jackal zombie (D:8)
  45 kobolds
  A leopard gecko skeleton (D:5)
  4 orc skeletons (D:11)
  16 orc zombies (D:11)
  A quokka skeleton (D:6)
  10 rats
  A demonic plant (D:12)
  A plant (D:11)
428 creatures vanquished.

Vanquished Creatures (others)
  A slave (D:7)
  A leopard gecko (D:7)
  A plant (D:11)
3 creatures vanquished.

Grand Total: 431 creatures vanquished

Notes
Turn   | Place    | Note
-------+----------+-------------------------------------------
     0 | D:1      | Morrissey the Ogre Fighter began the quest for the Orb.
     0 | D:1      | Reached XP level 1. HP: 24/24 MP: 1/1
   123 | D:1      | Reached XP level 2. HP: 17/33 MP: 2/2
   688 | D:1      | Reached XP level 3. HP: 37/40 MP: 3/3
  1201 | D:2      | Noticed Sigmund
  1216 | D:2      | Killed Sigmund
  1216 | D:2      | Reached skill level 5 in Maces & Flails
  1216 | D:2      | Reached XP level 4. HP: 29/52 MP: 4/4
  1216 | D:2      | Reached XP level 5. HP: 32/59 MP: 5/5
  1494 | D:2      | Found a radiant altar of Vehumet.
  1494 | D:2      | Found a basalt altar of Yredelemnul.
  1757 | D:2      | Noticed Natasha
  1761 | D:2      | Killed Natasha
  1761 | D:2      | Reached XP level 6. HP: 64/67 MP: 6/6
  1882 | D:2      | Noticed Ijyb
  1905 | D:2      | Killed Ijyb
  2058 | D:3      | Noticed Natasha
  2075 | D:3      | Killed Natasha
  2342 | D:3      | Noticed Natasha
  2357 | D:3      | Killed Natasha
  2396 | D:3      | Reached XP level 7. HP: 57/78 MP: 7/7
  2608 | D:3      | Found a sparkling altar of Nemelex Xobeh.
  2618 | D:3      | Found a glowing golden altar of the Shining One.
  3058 | D:4      | Reached skill level 1 in Throwing
  3113 | D:4      | Noticed Blork the orc
  3127 | D:4      | Killed Blork the orc
  3357 | D:4      | Noticed Grinder
  3382 | D:4      | Reached XP level 8. HP: 73/88 MP: 8/8
  3441 | D:4      | Killed Grinder
  4581 | D:5      | Entered Level 5 of the Dungeon
  4867 | D:5      | Reached skill level 5 in Shields
  5047 | D:5      | Reached XP level 9. HP: 45/100 MP: 9/9
  5240 | D:6      | Noticed Schimscham's ghost (novice DEEE)
  5288 | D:6      | Found Meimov's General Store.
  5357 | D:6      | Found a staircase to the Ecumenical Temple.
  5379 | Temple   | Entered the Ecumenical Temple
  5527 | Temple   | Became a worshipper of Warmaster Okawaru
  5600 | D:6      | Reached skill level 10 in Fighting
  5624 | D:6      | Found a bloodstained altar of Trog.
  5823 | D:6      | Killed Schimscham's ghost
  6129 | D:7      | Reached skill level 10 in Maces & Flails
  6131 | D:7      | Reached * piety under Okawaru
  6150 | D:7      | Reached XP level 10. HP: 59/114 MP: 10/10
  6854 | D:7      | Found a radiant altar of Vehumet.
  6866 | D:7      | Noticed Prince Ribbit
  6878 | D:7      | Killed Prince Ribbit
  6970 | D:7      | Noticed Pikel
  6997 | D:7      | Killed Pikel
  6997 | D:7      | Reached ** piety under Okawaru
  6997 | D:7      | Reached skill level 5 in Throwing
  8207 | D:8      | Noticed Grum
  8217 | D:8      | Killed Grum
  8235 | D:8      | Reached skill level 1 in Invocations
  8459 | D:8      | Found an iron altar of Okawaru.
  8758 | D:9      | Found a shattered altar of Ashenzari.
  8891 | D:9      | Reached *** piety under Okawaru
  9070 | D:9      | Reached XP level 11. HP: 114/126 MP: 12/12
  9475 | D:10     | Entered Level 10 of the Dungeon
  9636 | D:10     | Received a gift from Okawaru
  9760 | D:10     | Noticed a hill giant
  9768 | D:10     | Killed a hill giant
 10135 | D:10     | Reached **** piety under Okawaru
 10144 | D:10     | Received a gift from Okawaru
 10654 | D:10     | HP: 5/128 [ogre/giant spiked club (25)]
 10875 | D:10     | Noticed Erolcha
 10982 | D:10     | Reached ***** piety under Okawaru
 11091 | D:10     | Killed Erolcha
 11387 | D:11     | Found a flagged portal.
 11399 | D:11     | Reached skill level 5 in Invocations
 11431 | Bailey   | Entered a bailey
 11479 | Bailey   | Noticed an orc knight
 11487 | Bailey   | Reached XP level 12. HP: 127/139 MP: 15/15
 11796 | D:11     | Noticed a soul eater
 11879 | D:11     | Found a staircase to the Orcish Mines.
 12432 | D:11     | Found a staircase to the Lair.
 12712 | D:11     | Found a basalt altar of Yredelemnul.
 12763 | D:11     | Received a gift from Okawaru
 13247 | D:12     | Found a corrupted altar of Lugonu.
 13274 | D:12     | Found a hazy altar of Hepliaklqana.
 13337 | D:12     | Noticed a sun demon
 13619 | D:12     | Reached skill level 15 in Fighting
 14005 | D:12     | Reached skill level 15 in Maces & Flails
 14099 | D:13     | Reached XP level 13. HP: 150/150 MP: 17/17
 14379 | D:13     | HP: 1/152 [meliai/hand axe (9)]
 14380 | D:13     | Slain by a meliai

Skill      XL: |  1  2  3  4  5  6  7  8  9 10 11 12 |
---------------+-------------------------------------+-----
Maces & Flails | 3 5 6 7 9 10 12 13 15 | 15.1
Fighting       | 6 7 8 9 11 12 14 15 | 15.7
Shields        | 3 4 5 6 7 8 |  8.3
Throwing       | 1 3 4 5 6 7 |  7.8
Invocations    | 2 5 6 |  6.5
Dodging        | |  2.6

Action                   |  1- 3 |  4- 6 |  7- 9 | 10-12 | 13-15 || total
-------------------------+-------+-------+-------+-------+-------++-------
Melee: Flail             |   146 |   132 |   417 |  1323 |    56 ||  2074
Throw: Large rock        |       |       |     4 |    18 |       ||    22
Invok: Heroism           |       |       |       |     7 |       ||     7
       Finesse           |       |       |       |     3 |       ||     3
 Abil: Evoke Berserk Rag |       |     3 |     2 |     5 |       ||    10
  Use: Potion            |     1 |       |     2 |     2 |     2 ||     7
       Scroll            |       |       |       |    16 |     1 ||    17
 Stab: Sleeping          |     1 |       |       |       |       ||     1
  Eat: Chunk             |     1 |     7 |    13 |    25 |     1 ||    47
       Meat ration       |       |       |     1 |     1 |       ||     2
       Fruit             |       |       |     1 |       |       ||     1
Armor: Robe              |    46 |    20 |    55 |    30 |       ||   151
       Skin              |       |       |    18 |       |       ||    18
       Troll leather arm |       |       |       |   199 |     7 ||   206
Dodge: Dodged            |    54 |    50 |   126 |   335 |    26 ||   591
Block: Shield            |    69 |    74 |   178 |   509 |    30 ||   860
